 Dungeon Crawl Stone Soup version 0.20-a0-336-g7b05759 (webtiles) character file.

157 Da5id the Stinger (level 5, -9/44 HPs)
             Began as a Naga Transmuter on Dec 21, 2016.
             Mangled by an orc warrior
             ... wielding a +2 long sword of holy wrath
              (18 damage)
             ... on level 3 of the Dungeon.
             The game lasted 00:10:04 (4242 turns).

Da5id the Stinger (Naga Transmuter)                 Turns: 4242, Time: 00:10:05

Health: -9/44      AC:  3    Str: 13    XL:     5   Next: 38%
Magic:  8/8        EV: 10    Int: 14    God:
Gold:   110        SH:  0    Dex: 11    Spells: 4/8 levels left

rFire  . . .     SeeInvis +     j - staff of energy
rCold  . . .     Gourm    .     b - +0 robe
rNeg   . . .     Faith    .     (no shield)
rPois  +         Spirit   .     (no helmet)
rElec  .         Reflect  .     f - +0 cloak
rCorr  .         Harm     .     (no gloves)
MR     .....                    (no barding)
Stlth  +.........               (no amulet)
                                (no ring)
                                (no ring)

@: confused, flying, very slow
A: see invisible, deformed body, poison resistance, slowness 2, slow metabolism
1, spit poison 1, AC +1
a: Spit Poison


You were on level 3 of the Dungeon.
You were not hungry.

You visited 1 branch of the dungeon, and saw 3 of its levels.

You collected 110 gold pieces.

Inventory:

Missiles
 a - 30 arrows
Armour
 b - a +0 robe (worn)
 f - a +0 cloak (worn)
Magical Staves
 j - an uncursed staff of energy (weapon)
Scrolls
 i - a scroll of remove curse
 k - a scroll of amnesia {unknown}
 n - a scroll of immolation {unknown}
 o - a scroll of blinking {unknown}
Books
 c - a book of Changes

   Spells                             Type                      Level
   a - Beastly Appendage              Transmutation                1
   b - Sticks to Snakes               Transmutation                2
   c - Spider Form                    Transmutation/Poison         3
   d - Ice Form                       Ice/Transmutation            4
   e - Blade Hands                    Transmutation                5
Comestibles
 d - 3 bread rations
 g - a beef jerky
 l - a slice of pizza


   Skills:
 - Level 1.0 Fighting
 - Level 1.5 Dodging
 - Level 3.0 Unarmed Combat
 - Level 2.0 Spellcasting
 - Level 4.1 Transmutations
 + Level 4.3 Poison Magic


You had 4 spell levels left.
You knew the following spells:

 Your Spells              Type           Power        Failure   Level  Hunger
a - Beastly Appendage     Tmut           ##....       4%          1    None
b - Spider Form           Tmut/Pois      ##........   14%         3    None


Dungeon Overview and Level Annotations

Branches:
Dungeon (3/15)

Altars:
Hepliaklqana

Annotations:
D:3 Midn8's ghost, amateur FoFi


Innate Abilities, Weirdness & Mutations

You cannot wear boots.
Your serpentine skin is tough. (AC +1)
You have supernaturally acute eyesight. (SInv)
Armour fits poorly on your strangely shaped body.
Your system is resistant to poisons. (rPois)
You cover ground very slowly.
You have a slow metabolism.
You can spit poison.


Message History

You bump into the rock wall.
The orc wizard hits you but does no damage.
You bump into the rock wall.
The orc wizard points at you and mumbles some strange words.
The magic dart hits you!
* * * LOW HITPOINT WARNING * * *
You hit the orc wizard.
The orc wizard is lightly wounded.
The orc wizard closely misses you.
You're too confused!
Firing (i - inventory): No suitable missiles.
Press: ? - help, Shift-Dir - straight line, f - orc, p - orc wizard
Aim: an orc, wielding a mace and wearing a leather armour
Okay, then.
Unknown command.
You bump into the rock wall.
You hit the orc warrior.
The orc warrior is lightly wounded.
The orc warrior hits you with a long sword of holy wrath!!
You die...

..# #...# #.# #.# #.# ..#
#...#######.###.###.# ..#
#...................#
..#####.#.#.#####.#######.#
..........................#
........#...#####.#########
..........................
..##.#..#...#####.########
........#.#.# #@#
.....#..#.#..# #o#
..........#..# #o#
........#.#... #o#
.#.#.#..#.#.#.# #l#
#.#<.......... .o.
#.#..#.#.#...... ###..#.#.#
#.# #..... .


You could see an orc warrior, an orc wizard (invisible), 2 orcs and a frilled
lizard.

Vanquished Creatures
  An orc priest (D:3)
  A gnoll (D:1)
  6 adders
  An ooze (D:2)
  A worm (D:2)
  2 dart slugs
  2 leopard geckos
  3 giant cockroaches
  7 hobgoblins
  4 jackals (D:1)
  2 ball pythons
  5 bats
  3 frilled lizards (D:1)
  6 goblins
  7 kobolds
  7 rats
58 creatures vanquished.

Notes
Turn   | Place    | Note
-------+----------+-------------------------------------------
     0 | D:1      | Da5id the Naga Transmuter began the quest for the Orb.
     0 | D:1      | Reached XP level 1. HP: 18/18 MP: 3/3
   347 | D:1      | Reached XP level 2. HP: 16/25 MP: 3/5
  1146 | D:1      | Reached XP level 3. HP: 28/31 MP: 4/6
  1163 | D:1      | Learned a level 3 spell: Spider Form
  2317 | D:2      | Reached XP level 4. HP: 38/38 MP: 7/7
  2415 | D:2      | Reached skill level 1 in Poison Magic
  3086 | D:2      | Found a hazy altar of Hepliaklqana.
  3682 | D:3      | Noticed Midn8's ghost (amateur FoFi)
  3796 | D:3      | Reached XP level 5. HP: 31/44 MP: 8/8
  4214 | D:3      | Noticed an orc warrior
  4242 | D:3      | Mangled by an orc warrior

Vault maps used:
D:1:      dpeg_arrival_yet_another_circle
D:2:      lemuel_round_altar
D:3:      first_bread, kennysheep_generic_room_4, uniq_iyjb

Skill      XL: |  1  2  3  4  5 |
---------------+----------------+-----
Transmutations | 3 4 |  4.1
Poison Magic   | 3 4 |  4.3
Fighting       | |  1.0
Dodging        | |  1.5
Unarmed Combat | |  3.0
Spellcasting   | |  2.0

Action                   |  1- 3 |  4- 6 || total
-------------------------+-------+-------++-------
Melee: Unarmed           |   134 |       ||   134
       Headbutt          |    16 |       ||    16
       Staff             |       |    82 ||    82
       Punch             |       |     2 ||     2
 Cast: Beastly Appendage |    16 |       ||    16
 Abil: Spit Poison       |    19 |    18 ||    37
  Use: Scroll            |     1 |       ||     1
       Potion            |       |     3 ||     3
 Stab: Sleeping          |       |     1 ||     1
  Eat: Chunk             |     4 |     6 ||    10
Armor: Robe              |    49 |    27 ||    76
Dodge: Dodged            |   111 |    52 ||   163
